 Dungeon Crawl Stone Soup version 0.19-a0-1907-gcff654f (webtiles) character file.

413 LostNumber the Chopper (level 6, -15/56 HPs)
             Began as a Minotaur Berserker on Oct 21, 2016.
             Was a Priest of Trog.
             Demolished by an orc wizard
             ... wielding a +2 dagger of electrocution
              (17 damage)
             ... on level 3 of the Dungeon.
             The game lasted 00:07:13 (2443 turns).

LostNumber the Chopper (Minotaur Berserker)         Turns: 2443, Time: 00:07:15

Health: -15/56     AC:  7    Str: 22    XL:     6   Next: 59%
Magic:  5/5        EV: 11    Int:  9    God:    Trog [***...]
Gold:   114        SH:  0    Dex: 11    Spells: 0 memorised, 5 levels left

rFire  . . .     SeeInvis .     a - +0 hand axe
rCold  . . .     Gourm    .     i - +0 scale mail
rNeg   . . .     Faith    .     (no shield)
rPois  .         Spirit   .     (helmet restricted)
rElec  .         Reflect  .     (no cloak)
rCorr  .         Harm     .     (no gloves)
MR     ++...                    (no boots)
Stlth  ..........               (no amulet)
                                q - +2 ring of intelligence
                                n - +3 ring of intelligence

@: exhausted, starving, regenerating, slowed, very slow
A: retaliatory headbutt, horns 2
a: Berserk, Trog's Hand, Burn Spellbooks, Renounce Religion


You were on level 3 of the Dungeon.
You worshipped Trog.
Trog was most pleased with you.
You were starving.

You visited 1 branch of the dungeon, and saw 3 of its levels.

You collected 114 gold pieces.

Inventory:

Hand Weapons
 a - a +0 hand axe (weapon)
Armour
 b - a +0 animal skin
 i - a +0 scale mail (worn)
Jewellery
 n - a +3 ring of intelligence (left hand)
 q - a +2 ring of intelligence (right hand)
Wands
 o - a wand of lightning (3/15)
Scrolls
 e - 3 scrolls of identify {unknown}
 h - a scroll of blinking {unknown}
 j - a scroll of teleportation {unknown}
 m - a scroll of enchant weapon {unknown}
 p - a scroll of noise {unknown}
 s - a scroll of remove curse {unknown}
 v - a scroll of random uselessness {unknown}
 w - a scroll of immolation {unknown}
Potions
 d - a potion of degeneration {unknown}
 k - a potion of mutation {unknown}
 l - a potion of invisibility {unknown}
 t - a potion of haste {unknown}
 u - 2 potions of berserk rage {unknown}
Comestibles
 c - 6 bread rations
 f - 2 slices of pizza
 g - a beef jerky
 r - 2 meat rations


   Skills:
 + Level 5.2 Fighting
 * Level 6.2 Axes
 + Level 4.3 Armour
 + Level 4.0 Dodging


You had 5 spell levels left.
You didn't know any spells.

Dungeon Overview and Level Annotations

Branches:
Dungeon (3/15)

Altars:
Nemelex Xobeh
Qazlal

Annotations:
D:3 1 runed door


Innate Abilities, Weirdness & Mutations

You reflexively headbutt those who attack you in melee.
You have a pair of horns on your head.


Message History

Your skin crawls.
You feel resistant to hostile enchantments.
You are starving!
The orc wizard casts a spell.
The orc wizard blinks!
Okay, then.
The orc wizard casts a spell at you. The magic dart hits you!
* * * LOW HITPOINT WARNING * * *
You see here a short sword.
The orc wizard hits you with a dagger of electrocution.
* * * LOW HITPOINT WARNING * * *
The orc wizard hits you but does no damage.
You are electrocuted!
* * * LOW HITPOINT WARNING * * *
You hit the orc wizard. You headbutt the orc wizard.
The orc wizard is almost dead.
The orc wizard hits you but does no damage.
You are electrocuted!
You die...

...#.#...........###.#.##.#
..>#.#...............#.##.#
.###.#...............#....# .#
#.#.#####..#......############ ##
#.#........#......#...........
####.#.######.#......#.##########
..##.#####.......###.#.#..<#.....
#.##..........##o# #.#.#.###.###.
#.########'#####@# #.#.#...†.# #.
#.............##)# #.#.#########.
##...##.......##.# #.#...........
#...##.......##.# #.############
#...##.......##.# #.#...†.......
#...##.......##.# #.#.##########
#...##.......##.# #.#.#
#...##.......##.# #.#.#
#...##.......##.# #.#.#


You could see an orc wizard.

Vanquished Creatures
  Sigmund (D:3)
  A scorpion (D:3)
  Natasha (thrice) (D:2)
  A worker ant (D:3)
  2 adders
  An ooze (D:3)
  A worm (D:3)
  2 dart slugs
  4 leopard geckos
  5 orcs (D:3)
  3 giant cockroaches
  5 goblins
  7 hobgoblins
  3 jackals (D:1)
  4 quokkas (D:3)
  A ball python (D:2)
  11 bats
  10 frilled lizards
  6 kobolds
  10 rats
81 creatures vanquished.

Notes
Turn   | Place    | Note
-------+----------+-------------------------------------------
     0 | D:1      | LostNumber the Minotaur Berserker began the quest for the Orb.
     0 | D:1      | Reached XP level 1. HP: 19/19 MP: 0/0
   139 | D:1      | Reached XP level 2. HP: 25/27 MP: 1/1
   152 | D:1      | Reached skill level 4 in Axes
   439 | D:1      | Reached ** piety under Trog
   545 | D:1      | Reached XP level 3. HP: 23/33 MP: 2/2
   867 | D:2      | Noticed Natasha
   872 | D:2      | Killed Natasha
   872 | D:2      | Reached XP level 4. HP: 40/40 MP: 3/3
  1020 | D:2      | Noticed Natasha
  1026 | D:2      | Killed Natasha
  1229 | D:2      | Noticed Natasha
  1233 | D:2      | Killed Natasha
  1233 | D:2      | Reached skill level 5 in Axes
  1233 | D:2      | Reached XP level 5. HP: 39/47 MP: 4/4
  1404 | D:3      | Reached *** piety under Trog
  1426 | D:3      | Noticed Sigmund
  1437 | D:3      | Killed Sigmund
  1437 | D:3      | Reached skill level 5 in Fighting
  1437 | D:3      | Reached XP level 6. HP: 31/56 MP: 5/5
  1864 | D:3      | Reached skill level 6 in Axes
  2043 | D:3      | Found a stormy altar of Qazlal.
  2043 | D:3      | Found a sparkling altar of Nemelex Xobeh.
  2355 | D:3      | Found a runed door.
  2425 | D:3      | HP: 4/84 [orc wizard/dagger of electrocution (19)]
  2442 | D:3      | HP: 1/56 [orc wizard/dagger of electrocution (10)]
  2443 | D:3      | Demolished by an orc wizard

Vault maps used:
D:1:      minmay_arrival_widening_spiral_wide, minmay_liquid_box,
          minmay_lizard_king
D:2:      first_bread, feat_on_display, uniq_natasha
D:3:      gammafunk_temple_overflow_wave, uniq_sigmund, uniq_crazy_yiuf_cottage

Skill      XL: |  1  2  3  4  5  6 |
---------------+-------------------+-----
Axes           | 4 5 6 |  6.2
Fighting       | 4 5 |  5.2
Armour         | 3 4 |  4.3
Dodging        | 3 4 |  4.0

Action                   |  1- 3 |  4- 6 || total
-------------------------+-------+-------++-------
Melee: Hand axe          |    77 |    87 ||   164
       Headbutt          |    12 |    18 ||    30
Invok: Berserk           |       |     2 ||     2
       Trog's Hand       |       |     1 ||     1
  Eat: Chunk             |       |     5 ||     5
Armor: Animal skin       |    13 |       ||    13
       Scale mail        |     1 |    32 ||    33
Dodge: Dodged            |    47 |    51 ||    98
